 Dungeon Crawl Stone Soup version 0.24.0-123-gd5b16e6ec5 (webtiles) character file.

Game seed: 8298743984865647986, levelgen mode: deterministic

2593 Seryem2 the Thaumaturge (level 9, 0/65 HPs)
             Began as a Gnoll Wizard on Jan 16, 2020.
             Was a Believer of Okawaru.
             Slain by Psyche
             ... wielding a +2 dagger of distortion
              (21 damage)
             ... on level 7 of the Dungeon.
             The game lasted 00:32:25 (9248 turns).

Seryem2 the Thaumaturge (Gnoll Wizard)              Turns: 9248, Time: 00:32:26

Health: 0/65       AC: 11    Str: 21    XL:     9   Next: 58%
Magic:  14/21      EV: 13    Int: 23    God:    Okawaru [**....]
Gold:   430        SH:  9    Dex: 12    Spells: 13/24 levels left

rFire    + . .     SeeInvis .   t - +1 hand axe (elec)
rCold    x . .     Gourm    .   f - +0 shield
rNeg     . . .     Faith    .   w - +1 robe of the Blessed Realm {+Inv Regen+ Str+7 Dex-2} (curse)
rPois    .         Spirit   .   n - +0 helmet
rElec    .         Reflect  .   v - +1 cloak
rCorr    .         Harm     .   i - +1 pair of gloves
MR       .....                  s - +1 pair of boots
Stlth    +++.......             (no amulet)
HPRegen  0.60/turn              o - ring of fire
MPRegen  0.17/turn              u - +4 ring of strength

@: no status effects
A: distributed training, fangs 1, strong nose
a: Heroism, Renounce Religion, Evoke Invisibility


You were on level 7 of the Dungeon.
You worshipped Okawaru.
Okawaru was pleased with you.
You were hungry.

You visited 2 branches of the dungeon, and saw 9 of its levels.

You collected 430 gold pieces.

Inventory:

Hand Weapons
 a - a +3 rapier of flaming
 b - a +0 shortbow
 t - a +1 hand axe of electrocution (weapon)
 y - a +2 dire flail of holy wrath
Missiles
 h - 27 poisoned darts (quivered)
 j - 136 arrows
Armour
 f - a +0 shield (worn)
 i - a +1 pair of gloves (worn)
 n - a +0 helmet (worn)
 p - a +0 ring mail
 s - a +1 pair of boots (worn)
 v - a +1 cloak (worn)
 w - the cursed +1 robe of the Blessed Realm (worn) {+Inv Regen+ Str+7 Dex-2}
   (You found it on level 6 of the Dungeon)

   It affects your strength (+7).
   It affects your dexterity (-2).
   It lets you turn invisible.
   It increases your rate of regeneration.
   It has a curse placed upon it.
Jewellery
 o - a ring of fire (left hand)
 q - an uncursed ring of positive energy
 u - a +4 ring of strength (right hand)
 D - an uncursed ring of positive energy
Wands
 H - a wand of random effects (21)
Scrolls
 k - 2 scrolls of immolation
 r - 8 scrolls of identify
 x - 2 scrolls of remove curse
 z - 2 scrolls of teleportation
 C - a scroll of random uselessness {unknown}
 E - a scroll of amnesia
Potions
 c - 4 potions of curing
 e - a potion of flight {unknown}
 g - 3 potions of heal wounds
 l - a potion of might {unknown}
 m - 2 potions of lignification {unknown}
 A - a potion of degeneration {unknown}
 B - a potion of berserk rage {unknown}
 F - a potion of mutation {unknown}
 G - a potion of brilliance {unknown}
Comestibles
 d - 18 rations


   Skills:
 + Level 4.3 Fighting
 + Level 4.3 Short Blades
 + Level 4.3 Long Blades
 + Level 4.3 Axes
 + Level 4.3 Maces & Flails
 + Level 4.3 Polearms
 + Level 4.3 Staves
 + Level 4.3 Slings
 + Level 4.3 Bows
 + Level 4.3 Crossbows
 + Level 4.3 Throwing
 + Level 4.3 Armour
 + Level 6.3 Dodging
 + Level 6.1 Stealth
 + Level 4.3 Shields
 + Level 4.3 Unarmed Combat
 + Level 8.4 Spellcasting
 + Level 4.2 Conjurations
 + Level 3.5 Hexes
 + Level 3.5 Charms
 + Level 4.2 Summonings
 + Level 3.5 Necromancy
 + Level 4.2 Translocations
 + Level 3.5 Transmutations
 + Level 3.5 Fire Magic
 + Level 3.5 Ice Magic
 + Level 3.5 Air Magic
 + Level 3.5 Earth Magic
 + Level 3.5 Poison Magic
 + Level 4.7 Invocations
 + Level 4.3 Evocations


You had 13 spell levels left.
You knew the following spells:

 Your Spells              Type           Power        Failure   Level  Hunger
a - Magic Dart            Conj           ####         4%          1    None
b - Call Imp              Summ           ####....     7%          2    None
e - Conjure Flame         Conj/Fire      #####...     16%         3    None
f - Mephitic Cloud        Conj/Pois/Air  ####....     17%         3    None
i - Blink                 Tloc           N/A          7%          2    None

Your spell library contained the following spells:

 Spells                   Type           Power        Failure   Level  Hunger
 Slow                     Hex            ####....     9%          2    None
 Static Discharge         Conj/Air       ####....     16%         3    None
 Iskenderun's Mystic Bla  Conj           ####....     41%         4    ##.....
 Petrify                  Tmut/Erth      ####....     52%         4    ##.....
 Orb of Destruction       Conj           ####......   100%        7    #######


Dungeon Overview and Level Annotations

Branches:
Dungeon (8/15)             Temple (1/1) D:6
   Lair: D:8-11

Altars:
Ashenzari
Cheibriados
Dithmenos
Elyvilon
Fedhas
Gozag
Hepliaklqana
Kikubaaqudgha
Makhleb
Nemelex Xobeh
Okawaru
Qazlal
Sif Muna
Trog
Uskayaw
Vehumet
Wu Jian
Xom
Yredelemnul
Zin
The Shining One

Annotations:
D:7 Psyche


Innate Abilities, Weirdness & Mutations

Your experience applies equally to all skills.
You have very sharp teeth.
Your uncanny sense of smell can sniff out nearby items.


Message History

Your white imp resists.
Your crimson imp hits Psyche.
You barely miss Psyche. Your bite misses Psyche.
Psyche is lightly wounded.
Psyche points at you and mumbles some strange words.
The magic dart hits you.
Your crimson imp hits Psyche.
Your white imp gestures at Psyche.
The puff of frost hits Psyche.
Psyche resists.
Psyche laughs secretively.
Psyche casts a spell at you. The puff of frost hits you.
You feel a terrible chill!
You barely miss Psyche. Your bite misses Psyche.
Psyche is lightly wounded.
Psyche hits you but does no damage. Space warps horribly around you!
Your crimson imp blinks!
Your white imp completely misses Psyche.
You hit Psyche.
Psyche is moderately wounded.
Psyche hits you but does no damage. Space warps horribly around you!!
You die...

#....########.##.##.
####.# ###.#.## #.#
#######.#.#.#
######.###...##)#.#.#.
#....>..##..##.#.###.#
#.##.....#.##.#.##.##.
#.#.......##.#.##.#.##
#....@...##.#.##.#.#.#
#.#.5@5.##.#.##.#...#.
#.##...##.#.##.#.##[.(
#.....5.##.#.##.#.##.#
####.#.####.#.##.#.##.
####.#### ##.#.##)#.##
#.......# ##.#.##.#.#
#.##.##.# ###.#.##.#.
#.##.##.## #.##.#.##.#
#.##.....###..##.#.##.


You could see Psyche, a friendly crimson imp and 2 friendly white imps.

Vanquished Creatures
  Sigmund (D:6)
  Eustachio (D:6)
  Duvessa (D:5)
  2 orc warriors
  A sky beast (D:7)
  An ice beast (D:7)
  2 ogres
  A necrophage (D:7)
  2 centaurs
  2 bullfrogs
  Dowan (D:5)
  A scorpion (D:7)
  2 water moccasin skeletons
  4 wights (D:5)
  2 crimson imps
  5 hounds
  Crazy Yiuf (D:5)
  2 orc priests
  A bullfrog skeleton (D:4)
  3 orc wizards
  2 iguanas
  8 worker ants
  A hound skeleton (D:5)
  2 worker ant zombies (D:7)
  8 adders
  An ooze (D:1)
  An adder zombie (D:5)
  4 worms
  2 dart slugs
  7 leopard geckos
  5 orcs
  14 bats
  6 giant cockroaches
  4 goblins
  6 hobgoblins
  10 jackals
  3 quokkas
  8 frilled lizards
  9 kobolds
  4 rats
141 creatures vanquished.

Vanquished Creatures (collateral kills)
  Edmund (D:6)
  A sky beast (D:6)
  A wight (D:5)
  A worm (D:2)
  A dart slug (D:2)
  7 orcs
  2 goblins
  2 hobgoblins (D:3)
  A ball python skeleton (D:5)
17 creatures vanquished.

Vanquished Creatures (others)
  A goblin (D:3)
  A hobgoblin (D:2)
  A kobold (D:2)
3 creatures vanquished.

Grand Total: 161 creatures vanquished

Notes
Turn   | Place    | Note
-------+----------+-------------------------------------------
     0 | D:1      | Seryem2 the Gnoll Wizard began the quest for the Orb.
     0 | D:1      | Reached XP level 1. HP: 13/13 MP: 8/8
   213 | D:1      | Reached XP level 2. HP: 19/19 MP: 6/10
   217 | D:1      | Learned a level 2 spell: Call Imp
   220 | D:1      | Learned a level 2 spell: Blink
   307 | D:1      | You fall into a shaft and drop 1 floor!
   696 | D:1      | Reached XP level 3. HP: 18/25 MP: 5/11
   870 | D:1      | Learned a level 3 spell: Conjure Flame
   874 | D:1      | Learned a level 3 spell: Mephitic Cloud
  1036 | D:1      | Reached skill level 1 in Invocations
  1693 | D:2      | Reached skill level 1 in Fighting
  1693 | D:2      | Reached skill level 1 in Short Blades
  1693 | D:2      | Reached skill level 1 in Long Blades
  1693 | D:2      | Reached skill level 1 in Axes
  1693 | D:2      | Reached skill level 1 in Maces & Flails
  1693 | D:2      | Reached skill level 1 in Polearms
  1693 | D:2      | Reached skill level 1 in Staves
  1693 | D:2      | Reached skill level 1 in Slings
  1693 | D:2      | Reached skill level 1 in Bows
  1693 | D:2      | Reached skill level 1 in Crossbows
  1693 | D:2      | Reached skill level 1 in Throwing
  1693 | D:2      | Reached skill level 1 in Armour
  1693 | D:2      | Reached skill level 1 in Shields
  1693 | D:2      | Reached skill level 1 in Unarmed Combat
  1693 | D:2      | Reached skill level 1 in Evocations
  1693 | D:2      | Reached XP level 4. HP: 23/32 MP: 3/13
  2560 | D:2      | Found an opulent altar of Gozag.
  2601 | D:2      | Reached skill level 1 in Hexes
  2601 | D:2      | Reached skill level 1 in Charms
  2601 | D:2      | Reached skill level 1 in Necromancy
  2601 | D:2      | Reached skill level 1 in Transmutations
  2601 | D:2      | Reached skill level 1 in Fire Magic
  2601 | D:2      | Reached skill level 1 in Ice Magic
  2601 | D:2      | Reached skill level 1 in Air Magic
  2601 | D:2      | Reached skill level 1 in Earth Magic
  2601 | D:2      | Reached skill level 1 in Poison Magic
  3067 | D:3      | Reached XP level 5. HP: 37/37 MP: 5/14
  3418 | D:4      | Found a bloodstained altar of Trog.
  3624 | D:4      | Noticed a centaur
  3640 | D:4      | Killed a centaur
  3788 | D:4      | Found an opulent altar of Gozag.
  3789 | D:4      | Found a sparkling altar of Nemelex Xobeh.
  3864 | D:4      | Reached XP level 6. HP: 26/44 MP: 5/16
  4099 | D:4      | Reached skill level 5 in Dodging
  4518 | D:5      | Entered Level 5 of the Dungeon
  4811 | D:5      | Reached XP level 7. HP: 50/50 MP: 2/18
  4916 | D:5      | Found a runed translucent door.
  4917 | D:5      | Noticed Crazy Yiuf
  5122 | D:5      | Noticed Dowan
  5202 | D:5      | Noticed Duvessa
  5233 | D:5      | Killed Duvessa
  5234 | D:5      | Killed Dowan
  5234 | D:5      | Reached skill level 5 in Stealth
  5740 | D:5      | Reached XP level 8. HP: 57/57 MP: 15/19
  5912 | D:5      | Found a shimmering altar of Xom.
  5917 | D:5      | Found a radiant altar of Vehumet.
  5917 | D:5      | Found a stormy altar of Qazlal.
  5919 | D:5      | Found a basalt altar of Yredelemnul.
  5919 | D:5      | Found an ornate altar of the Wu Jian Council.
  5919 | D:5      | Found an iron altar of Okawaru.
  6156 | D:5      | Killed Crazy Yiuf
  6292 | D:6      | Got a silken robe
  6302 | D:6      | Identified the cursed +1 robe of the Blessed Realm {+Inv
                  | Regen+ Str+7 Dex-2} (You found it on level 6 of the
                  | Dungeon)
  6531 | D:6      | Noticed Edmund
  6562 | D:6      | Killed Edmund
  6706 | D:6      | Found a staircase to the Ecumenical Temple.
  6722 | Temple   | Entered the Ecumenical Temple
  6926 | Temple   | Became a worshipper of Warmaster Okawaru
  6972 | D:6      | Reached skill level 8 in Spellcasting
  7202 | D:6      | You fall into a shaft and drop 1 floor!
  7236 | D:7      | Reached * piety under Okawaru
  7236 | D:7      | Reached XP level 9. HP: 65/65 MP: 12/21
  7315 | D:6      | Noticed Sigmund
  7325 | D:6      | Killed Sigmund
  7361 | D:6      | Found a basalt altar of Yredelemnul.
  7507 | D:6      | Noticed Eustachio
  7518 | D:6      | Killed Eustachio
  8219 | D:7      | Identified the Reference Book on Damaging Clay
  8360 | D:7      | Found a blossoming altar of Fedhas.
  8558 | D:7      | Found a shattered altar of Ashenzari.
  8753 | D:7      | Reached ** piety under Okawaru
  9227 | D:8      | Noticed Psyche
  9248 | D:7      | Slain by Psyche

Levels and vault maps discovered:
D:1:      evilmike_arrival_crescent, layout_basic
D:2:      layout_basic, grunt_gozag_breadcrumbs
D:3:      layout_rooms, minivault_23
D:4:      layout_cave_pods, grunt_temple_overflow_opulence, bloody_trog,
          first_ration, hangedman_abyss_or_decor_jellyfish_corner
D:5:      layout_loops_corners, doesnt_xom_only_xom, portal_sewer_entry_e,
          uniq_crazy_yiuf_cottage, uniq_duvessa
D:6:      layout_basic, lemuel_coloured_pillars_altar,
          minmay_temple_entry_waves, uniq_sigmund, uniq_edmund, uniq_eustachio
D:7:      minmay_inner_zag, layout_loops_cross, overflow_temple_1_default,
          nicolae_overflow_hidden_temple
D:8:      layout_basic, serial_co_window_serial, co_window_corner_a,
          co_window_of_opportunity_a, co_window_paths_b,
          co_window_of_opportunity_a, co_window_paths_a, co_window_corner_a,
          co_window_paths_a, co_window_paths_b, co_window_corner_a,
          co_window_2corner, co_window_corner_ca, co_window_corner_b,
          co_window_broadway_a, co_window_2corner, co_window_unsneaky_path_e,
          co_window_corner_ca, co_window_paths_e, glass_columns_b, uniq_psyche
Temple:   eino_narrow_crystal_temple

Skill      XL: |  1  2  3  4  5  6  7  8  9 |
---------------+----------------------------+-----
Conjurations   | 2 3 4 |  4.2
Summonings     | 2 3 4 |  4.2
Translocations | 2 3 4 |  4.2
Invocations    | 1 2 3 4 |  4.7
Fighting       | 1 2 3 4 |  4.3
Short Blades   | 1 2 3 4 |  4.3
Long Blades    | 1 2 3 4 |  4.3
Axes           | 1 2 3 4 |  4.3
Maces & Flails | 1 2 3 4 |  4.3
Polearms       | 1 2 3 4 |  4.3
Staves         | 1 2 3 4 |  4.3
Slings         | 1 2 3 4 |  4.3
Bows           | 1 2 3 4 |  4.3
Crossbows      | 1 2 3 4 |  4.3
Throwing       | 1 2 3 4 |  4.3
Armour         | 1 2 3 4 |  4.3
Shields        | 1 2 3 4 |  4.3
Unarmed Combat | 1 2 3 4 |  4.3
Evocations     | 1 2 3 4 |  4.3
Hexes          | 1 2 3 |  3.5
Charms         | 1 2 3 |  3.5
Necromancy     | 1 2 3 |  3.5
Transmutations | 1 2 3 |  3.5
Fire Magic     | 1 2 3 |  3.5
Ice Magic      | 1 2 3 |  3.5
Air Magic      | 1 2 3 |  3.5
Earth Magic    | 1 2 3 |  3.5
Poison Magic   | 1 2 3 |  3.5
Dodging        | 5 6 |  6.3
Stealth        | 5 6 |  6.1
Spellcasting   | 8 |  8.4

Action                   |  1- 3 |  4- 6 |  7- 9 || total
-------------------------+-------+-------+-------++-------
Melee: Club              |     3 |       |       ||     3
       Dagger            |     8 |     6 |       ||    14
       Bite              |     1 |     1 |    15 ||    17
       Whip              |       |     2 |     3 ||     5
       Hand axe          |       |       |   150 ||   150
       Scimitar          |       |       |     9 ||     9
       Punch             |       |       |     1 ||     1
 Fire: Shortbow          |       |     8 |    62 ||    70
Throw: Dart              |     7 |       |       ||     7
 Cast: Magic Dart        |    99 |   124 |   110 ||   333
       Call Imp          |     7 |    13 |    19 ||    39
       Blink             |     2 |       |     2 ||     4
       Mephitic Cloud    |       |     6 |    17 ||    23
       Conjure Flame     |       |     4 |    14 ||    18
  Use: Scroll            |     2 |     5 |       ||     7
       Potion            |     2 |       |       ||     2
 Stab: Confused          |       |       |     8 ||     8
       Sleeping          |       |       |     5 ||     5
  Eat: Chunk             |     2 |     8 |    15 ||    25
Armor: Robe              |    35 |     5 |    50 ||    90
Dodge: Dodged            |    94 |    36 |   151 ||   281
Block: Shield            |       |       |    33 ||    33
       Rpst.: Scimitar   |       |       |     8 ||     8
